 Dungeon Crawl Stone Soup version 0.18-a0-1773-gec4f98e (webtiles) character file.

14755 nono the Protected (level 11, -3/88 HPs)
             Began as a Deep Dwarf Fighter on Apr 14, 2016.
             Was the Champion of Makhleb.
             Killed from afar by a rime drake (26 damage)
             ... with a flash freeze
             ... on level 3 of the Lair of Beasts.
             The game lasted 00:32:58 (8526 turns).

nono the Protected (Deep Dwarf Fighter)             Turns: 8526, Time: 00:32:59

Health: -3/88      AC: 13    Str: 26    XL:     11   Next: 92%
Magic:  16/16      EV:  8    Int:  9    God:    Makhleb [******]
Gold:   599        SH: 14    Dex: 12    Spells: 0 memorised, 10 levels left

rFire  . . .     SeeInvis +     a - +0 war axe
rCold  . . .     Gourm    .     F - +1 chain mail of Death's Door {Str+3 Slay+5}
rNeg   . . .     Faith    +     c - +1 shield
rPois  .         Spirit   .     (no helmet)
rElec  .         Dismiss  .     (no cloak)
rCorr  .         Reflect  .     (no gloves)
SustAt .         Harm     .     (no boots)
MR     +....                    t - amulet of faith
Stlth  ..........               T - ring of see invisible
                                (no ring)

@: non-regenerating, somewhat resistant to hostile enchantments, extremely
unstealthy
A: damage resistance, recharge devices, sense surroundings 2, slow regeneration
3
a: Device Recharging, Minor Destruction, Lesser Servant of Makhleb, Major
Destruction, Greater Servant of Makhleb, Renounce Religion


You were on level 3 of the Lair of Beasts.
You worshipped Makhleb.
Makhleb was exalted by your worship.
You were very hungry.

You visited 3 branches of the dungeon, and saw 13 of its levels.

You collected 751 gold pieces.
You spent 152 gold pieces at shops.

Inventory:

Hand Weapons
 a - a +0 war axe (weapon)
 L - the cursed +3 long sword "Plog" {venom, rElec Dex-5 SInv}
   (You found it on level 7 of the Dungeon)

   It poisons the flesh of those it strikes.
   It affects your dexterity (-5).
   It insulates you from electricity.
   It lets you see invisible.
   It has a curse placed upon it.
 V - the +3 mace of the Salmon {crush, +Fly rElec Str+5 Dex-4}
   (You found it on level 2 of the Lair of Beasts)

   It inflicts extra damage upon your enemies.
   It affects your strength (+5).
   It affects your dexterity (-4).
   It insulates you from electricity.
   It lets you fly.
Missiles
 Q - 6 javelins (quivered)
Armour
 c - a +1 shield (worn)
 B - a +0 chain mail
 F - the +1 chain mail of Death's Door (worn) {Str+3 Slay+5}
   (You bought it in a shop on level 6 of the Dungeon)

   It affects your strength (+3).
   It affects your accuracy and damage with ranged weapons and melee attacks
   (+5).
Jewellery
 k - an uncursed ring of ice
 t - an amulet of faith (around neck)
 I - an uncursed ring of stealth
 T - a ring of see invisible (right hand)
Wands
 e - a wand of heal wounds (4/9)
 v - a wand of enslavement (11/24)
 x - a wand of acid (4/15)
 y - a wand of slowing (16/48)
 D - a wand of slowing (26/48)
 P - a wand of paralysis (16/24)
 R - a wand of flame (29/48)
 S - a wand of paralysis (12/24)
 U - a wand of random effects (34/48)
 Y - a wand of lightning (3/15)
Scrolls
 i - a scroll of noise
 m - a scroll of blinking
 o - 4 scrolls of immolation
 p - 4 scrolls of identify
 q - 5 scrolls of remove curse
 r - 2 scrolls of enchant armour
 s - a scroll of teleportation
 w - 3 scrolls of amnesia
 M - a scroll of fear
 N - a scroll of summoning
 W - a scroll of holy word {unknown}
Potions
 d - 3 potions of might
 g - 2 potions of magic {unknown}
 h - a potion of resistance {unknown}
 j - 2 potions of heal wounds
 l - a potion of haste {unknown}
 n - a potion of ambrosia {unknown}
 z - 2 potions of flight
 A - a potion of lignification
 E - 3 potions of agility
 H - 2 potions of degeneration {unknown}
 J - 2 potions of berserk rage {unknown}
 X - 2 potions of curing {unknown}
Books
 K - a book of Summonings

   Spells                             Type                      Level
   a - Recall                         Summoning/Translocation      3
   b - Aura of Abjuration             Summoning                    5
   c - Summon Demon                   Summoning                    5
   d - Summon Forest                  Summoning/Translocation      5
   e - Summon Mana Viper              Hexes/Summoning              5
   f - Shadow Creatures               Summoning                    6
 O - a book of Death

   Spells                             Type                      Level
   a - Corpse Rot                     Necromancy                   2
   b - Sublimation of Blood           Necromancy                   2
   c - Agony                          Necromancy                   5
   d - Dispel Undead                  Necromancy                   5
   e - Excruciating Wounds            Charms/Necromancy            5
   f - Bolt of Draining               Conjuration/Necromancy       5
 Z - a book of the Dragon

   Spells                             Type                      Level
   a - Flame Tongue                   Conjuration/Fire             1
   b - Cause Fear                     Hexes                        4
   c - Bolt of Fire                   Conjuration/Fire             6
   d - Dragon Form                    Transmutation                7
   e - Dragon's Call                  Summoning                    9
Comestibles
 b - 2 slices of pizza
 f - 6 bread rations
 u - 5 meat rations
 C - 2 beef jerkies
 G - 24 fruits


   Skills:
 - Level 2.6 Fighting
 + Level 11.5 Axes
 + Level 12.0 Armour
 + Level 11.8 Shields
 + Level 8.5 Invocations


You had 10 spell levels left.
You didn't know any spells.

Dungeon Overview and Level Annotations

Branches:
Dungeon (9/15)             Temple (1/1) D:5            Lair (3/8) D:9
  Swamp: Lair:3-6    Shoals: Lair:3-6     Snake: Lair:3-6    Spider: Lair:3-6
    Orc: D:9-12

Altars:
Ashenzari
Cheibriados
Dithmenos
Elyvilon
Fedhas
Gozag
Kikubaaqudgha
Makhleb
Nemelex Xobeh
Okawaru
Pakellas
Qazlal
Ru
Sif Muna
Trog
Vehumet
Xom
Yredelemnul
Zin
The Shining One

Shops:
D:6 [   D:8 (

Annotations:
D:3 Vojta's ghost, amateur HEAE


Innate Abilities, Weirdness & Mutations

You are resistant to damage.
You can recharge devices by infusing magical energy.
You passively map the area around you.
You do not regenerate naturally.


Message History

You feel an oppressive heat about you.
There is an entrance to a volcano on this level.
Hurry and find it before the entrance collapses!
The sound of falling rocks suddenly begins to subside.
The walls and floor vibrate strangely for a moment.
Put on which piece of jewellery? (? for menu, Esc to quit)
Okay, then.
Found 23 stones.
You are no longer poisoned.
A rime drake comes into view.
The rime drake breathes ice at you. The flash freeze hits you!
* * * LOW HITPOINT WARNING * * *
You are encased in ice.
Found a ring mail.
The ice encasing you melts away.
You closely miss the rime drake. You slash the fungus!
The fungus is lightly damaged.
The rime drake breathes ice at you. The flash freeze hits you!
You die...

*** * **** #.**#################
*
*****,,**##...#P#..P.##(#..#.P###
,,,,,,,,,..[....@................
,,**,,,,,#######k....###.#..P#...
,,**,,*********#.....# ###.###...
,,,**,* *,*,*........#***#.# #...
,,**,,***,,,.........P#*,..#*#...
,,*,*,,**,,...#......P#*....*#...
,,***,,**,,..#.......##.....*#...
,***,,***,,..##......##.....*#...
,****,***,******,,,,,,**,,,*##...


You could see a rime drake.

Vanquished Creatures
  Harold (Lair:2)
  Erica (Lair:2)
  5 elephants (Lair:2)
  A black mamba (Lair:3)
  6 spiny frogs
  2 komodo dragons
  A wyvern (D:9)
  26 yaks
  A hippogriff (D:7)
  A warg (D:9)
  5 water moccasins
  3 porcupines
  An ice beast (D:7)
  A sky beast (D:7)
  A black bear (Lair:1)
  4 orc warriors
  An eye of draining (D:9)
  An ogre (D:6)
  8 wolves
  3 crocodiles
  A centaur (D:7)
  A big kobold (D:9)
  10 giant frogs
  A wyvern skeleton (D:7)
  2 scorpions (D:8)
  3 killer bees (D:9)
  3 howler monkeys
  4 crimson imps
  The ghost of M4edhros the Grave Robber, a weakling OpNe (D:4)
  A giant frog zombie (D:6)
  3 hounds (D:7)
  2 quasits
  2 centaur skeletons
  5 orc priests
  A jelly (D:5)
  3 orc wizards
  Jessica (D:3)
  2 giant frog skeletons
  5 iguanas
  10 worker ants
  2 sheep (Lair:1)
  3 hound skeletons
  2 hound zombies
  A worker ant zombie (D:5)
  A gnoll (D:1)
  A howler monkey skeleton (D:8)
  13 river rats
  7 adders
  A shadow imp (D:9)
  2 oozes (D:4)
  2 adder skeletons (D:7)
  An adder zombie (D:6)
  4 worms
  A dart slug (D:5)
  3 giant geckos
  30 orcs
  3 giant cockroaches
  4 goblins
  10 hobgoblins
  4 jackals (D:6)
  5 quokkas
  A ball python (D:1)
  9 bats
  A giant gecko zombie (D:7)
  4 giant newts
  13 kobolds
  A quokka zombie (D:5)
  2 rats (D:1)
  A fungus (Lair:3)
  A plant (Lair:2)
267 creatures vanquished.

Vanquished Creatures (collateral kills)
  2 river rats (Lair:2)
2 creatures vanquished.

Vanquished Creatures (others)
  A fungus (Lair:2)
1 creature vanquished.

Grand Total: 270 creatures vanquished

Notes
Turn   | Place    | Note
--------------------------------------------------------------
     0 | D:1      | nono the Deep Dwarf Fighter began the quest for the Orb.
     0 | D:1      | Reached XP level 1. HP: 20/20 MP: 1/1
   127 | D:1      | Reached XP level 2. HP: 22/27 MP: 2/2
   770 | D:2      | Reached XP level 3. HP: 13/33 MP: 3/3
  1362 | D:2      | Reached skill level 4 in Armour
  1475 | D:3      | Noticed Jessica
  1478 | D:3      | Killed Jessica
  1478 | D:3      | Reached XP level 4. HP: 28/40 MP: 4/4
  1510 | D:3      | Noticed Vojta's ghost (amateur HEAE)
  1728 | D:3      | Found a shattered altar of Ashenzari.
  2043 | D:3      | Found a faded altar to an unknown god.
  2074 | D:3      | Reached XP level 5. HP: 25/46 MP: 5/5
  2091 | D:3      | Found an opulent altar of Gozag.
  2244 | D:4      | Reached skill level 5 in Armour
  2277 | D:4      | Found a glowing golden altar of the Shining One.
  2423 | D:4      | Noticed M4edhros's ghost (weakling OpNe)
  2464 | D:4      | Killed M4edhros's ghost
  2464 | D:4      | Reached XP level 6. HP: 13/55 MP: 6/6
  2544 | D:4      | Reached skill level 5 in Shields
  3198 | D:5      | Entered Level 5 of the Dungeon
  3265 | D:5      | Reached skill level 5 in Axes
  3311 | D:5      | Reached XP level 7. HP: 34/61 MP: 7/7
  3444 | D:5      | Found a staircase to the Ecumenical Temple.
  3461 | Temple   | Entered the Ecumenical Temple
  3534 | Temple   | Became a worshipper of Makhleb the Destroyer
  3616 | D:5      | Found a sacrificial altar of Ru.
  3695 | D:5      | Reached skill level 6 in Armour
  3720 | D:5      | Reached * piety under Makhleb
  4133 | D:6      | Found Cecoikoask's Antique Armour Shoppe.
  4141 | D:6      | Bought a spiked chain mail for 152 gold pieces
  4141 | D:6      | Identified the cursed +1 chain mail of Death's Door {Str+3 Slay+5} (You bought it in a shop on level 6 of the Dungeon)
  4476 | D:7      | Reached ** piety under Makhleb
  4482 | D:7      | Reached skill level 7 in Armour
  4482 | D:7      | Reached XP level 8. HP: 57/68 MP: 7/7
  4568 | D:7      | Got a twisted long sword
  4569 | D:7      | Identified the cursed +3 long sword "Plog" {venom, rElec Dex-5 SInv} (You found it on level 7 of the Dungeon)
  4631 | D:7      | Reached skill level 8 in Armour
  4896 | D:7      | Found a deep blue altar of Sif Muna.
  4988 | D:7      | Gained mutation: You passively map the area around you. [Deep Dwarf growth]
  4988 | D:7      | Reached XP level 9. HP: 56/74 MP: 8/8
  5180 | D:8      | Found Dumyecwao's Antique Weapon Shop.
  5354 | D:8      | Found an ancient bone altar of Kikubaaqudgha.
  5382 | D:8      | Reached *** piety under Makhleb
  5856 | D:8      | Found an oddly glowing altar of Pakellas.
  6152 | D:9      | Reached skill level 9 in Armour
  6265 | D:9      | Reached **** piety under Makhleb
  6390 | D:9      | Found a radiant altar of Vehumet.
  6390 | D:9      | Found a white marble altar of Elyvilon.
  6450 | D:9      | Found a staircase to the Lair.
  6450 | D:9      | Noticed an elephant
  6467 | Lair:1   | Entered Level 1 of the Lair of Beasts
  6475 | Lair:1   | Noticed a spiny frog
  6479 | Lair:1   | Reached skill level 1 in Invocations
  6481 | Lair:1   | Reached XP level 10. HP: 51/81 MP: 8/10
  6484 | Lair:1   | Killed a spiny frog
  6486 | Lair:1   | Reached skill level 10 in Armour
  6614 | Lair:1   | Reached skill level 10 in Shields
  6669 | Lair:1   | Noticed a spiny frog
  6682 | Lair:1   | Killed a spiny frog
  6682 | Lair:1   | Reached ***** piety under Makhleb
  6886 | Lair:1   | Reached skill level 10 in Axes
  6980 | Lair:1   | Noticed a spiny frog
  6995 | Lair:1   | Killed a spiny frog
  6995 | Lair:1   | Reached skill level 5 in Invocations
  7189 | Lair:1   | Noticed a spiny frog
  7207 | Lair:1   | Killed a spiny frog
  7231 | Lair:1   | Reached XP level 11. HP: 45/88 MP: 14/14
  7332 | Lair:1   | Reached skill level 11 in Armour
  7487 | Lair:2   | Got a jewelled mace
  7490 | Lair:2   | Identified the +3 mace of the Salmon {crush, +Fly rElec Str+5 Dex-4} (You found it on level 2 of the Lair of Beasts)
  7550 | Lair:2   | Noticed Erica
  7582 | Lair:2   | Killed Erica
  7614 | Lair:2   | Noticed Harold
  7629 | Lair:2   | HP: 3/88 [Harold/wand of lightning (21)]
  7637 | Lair:2   | Killed Harold
  7749 | Lair:2   | You fall through a shaft!
  8192 | Lair:2   | Reached skill level 12 in Armour
  8263 | Lair:2   | Reached ****** piety under Makhleb
  8526 | Lair:3   | Killed from afar by a rime drake

Vault maps used:
D:1:      minmay_arrival_semitransparent
D:2:      kennysheep_generic_room_7
D:3:      nicolae_ashenzari_panopticon,
          nicolae_gozag_cash_rules_everything_around_me, ecumenical_altar_2,
          glass_columns_a, uniq_jessica
D:4:      nicolae_overflow_crystal_walls
D:5:      minmay_temple_entry_hall, first_bread,
          nicolae_ru_great_annihilating_truth
D:6:      serial_shops, shop, feat_on_display
D:7:      kennysheep_mini, kennysheep_generic_room_5
D:8:      kiku_gazebo_pond_becter, marbit_many_paths, serial_shops, shop
D:9:      gammafunk_temple_overflow_pools, david_lair_generic, erik_orc_3,
          hangedman_little_slice_of_home
Temple:   triangle_lava_temple_12
Lair:1:   columned_hall_lemuel, serial_bayou_ford_a,
          grunt_forest_large_clearings
Lair:2:   hangedman_lair_unloving_vines, lemuel_fruit_tree,
          bh_autumn_forest_stairs, uniq_harold, uniq_erica
Lair:3:   enter_volcano_2, serial_bayou_shore_b

Skill      XL: |  1  2  3  4  5  6  7  8  9 10 11 |
---------------+----------------------------------+-----
Axes           | 3 4 5 6 7 9 10 11 | 11.5
Armour         | 4 5 7 8 9 10 12 | 12.0
Shields        | 4 5 6 8 9 10 11 | 11.8
Invocations    | 1 5 8 |  8.5
Fighting       | |  2.6

Action                   |  1- 3 |  4- 6 |  7- 9 | 10-12 || total
-------------------------+-------+-------+-------+-------++-------
Melee: War axe           |    87 |   199 |   402 |   332 ||  1020
Throw: Tomahawk          |     3 |       |       |       ||     3
Invok: Lesser Servant of |       |       |       |     2 ||     2
 Abil: Device Recharging |       |       |     1 |       ||     1
Evoke: Wand              |     1 |     4 |     3 |     2 ||    10
  Use: Scroll            |       |     3 |     5 |    10 ||    18
       Potion            |       |       |       |     4 ||     4
 Stab: Paralysed         |       |       |     2 |       ||     2
  Eat: Chunk             |     1 |     7 |    11 |     6 ||    25
Armor: Scale mail        |    24 |    94 |     2 |       ||   120
       Chain mail        |       |       |   188 |   111 ||   299
Dodge: Dodged            |    25 |    78 |    89 |    77 ||   269
Block: Shield            |    34 |   108 |   311 |   254 ||   707
